 Dungeon Crawl Stone Soup version 0.30-a0-586-g23e55c9e0a (webtiles) character file.

Game seed: 10256429183149308674

192 tsouns the Slasher (level 6, -11/47 HPs)
             Began as a Djinni Gladiator on Jan 3, 2023.
             Killed by divine providence
             ... invoked by an orc priest
              (15 damage)
             ... on level 3 of the Dungeon.
             The game lasted 00:05:36 (1916 turns).

tsouns the Slasher (Djinni Gladiator)               Turns: 1916, Time: 00:05:37

Health: -11/47     AC:  3    Str: 13    XL:     6   Next: 2%
Gold:   147        EV: 12    Int: 12    God:
                   SH:  0    Dex: 14

rFire   + + .      SeeInvis .    a - +0 long sword
rCold   x . .      Faith    .    (no shield)
rNeg    . . .      Spirit   .    b - +0 leather armour
rPois   ∞          Reflect  .    (helmet restricted)
rElec   .          Harm     .    (no cloak)
rCorr   .          Rampage  .    (no gloves)
Will    +....      Rage     3%   (boots unavailable)
Stlth   +                        (no amulet)
HPRegen 0.27/turn                (no ring)
MPRegen 0.00/turn                (no ring)

@: mighty, on berserk cooldown, attractive, flying, slowed, invisible, very slow
A: sickness immunity, fire resistance 2, cold vulnerability 1, float, innate
caster, HP casting, extra vitality 1, antennae 1, berserk 1, deterioration 1,
strong-willed 1
a: no special abilities


You were on level 3 of the Dungeon.
You visited 1 branch of the dungeon, and saw 3 of its levels.

You collected 147 gold pieces.

Inventory:

Hand Weapons
 a - a +0 long sword (weapon)
Missiles
 d - 3 throwing nets (quivered)
 e - a javelin
Armour
 b - a +0 leather armour (worn)
 c - a +1 helmet
Scrolls
 f - a scroll of identify
 l - a scroll of enchant weapon
 n - a scroll of vulnerability
Potions
 g - a potion of attraction
 h - 2 potions of lignification
 i - a potion of flight
 j - a potion of cancellation
 m - a potion of curing
 o - 2 potions of might
 q - a potion of magic


   Skills:
 + Level 4.2 Fighting
 + Level 4.4 Long Blades
 - Level 1.5 Throwing
 - Level 3.2 Dodging


You had 2 spell levels left.
You knew the following spells:

 Your Spells              Type           Power      Damage    Failure   Level
a - Kiss of Death         Conj/Necr      0%         2d5       38%         1
b - Momentum Strike       Conj/Tloc      0%         3d8       54%         2
Your spell library was empty.

Dungeon Overview and Level Annotations

Branches:
Dungeon (3/15)

Altars:

Shops:
D:2 =


Innate Abilities, Weirdness & Mutations

You are immune to sickness and miasma.
You are immune to poison.
Your flesh is very heat resistant. (rF++)
You are vulnerable to cold. (rC-)
You float through the air rather than walking.
You learn spells naturally, not from books.
Your magical power is your life essence.
You have superior vitality. (+4 MHP)
You have a pair of small antennae on your head.
You sometimes lose your temper in combat.
Your body sometimes deteriorates upon taking damage.
You are strong-willed. (Will+)


Message History

* * * LOW HITPOINT WARNING * * *
You miss something. Something hits you.
* * * LOW HITPOINT WARNING * * *
You closely miss something. Something hits you but does no damage.
You slash something!
Reactivating autopickup.
You feel a bit more experienced.
The frilled lizard is attracted toward you.
The orc priest is attracted toward you.
You have reached level 6!
You miss the frilled lizard.
The frilled lizard bites you but does no damage.
You completely miss the frilled lizard.
The frilled lizard completely misses you.
You completely miss the frilled lizard. You punch the frilled lizard.
You kill the frilled lizard!
You strike the helpless orc from behind!
You slash the orc!
You kill the orc!
The orc priest is attracted toward you.
You catch the helpless orc completely off-guard!
You hit the orc.
The orc is almost dead.
You hit the orc priest but do no damage.
You catch the helpless orc priest completely off-guard!
You hit the orc priest but do no damage.
The orc priest is attracted toward you.
You closely miss the orc priest. The orc priest barely misses you.
You slash the orc priest!
The orc priest is severely wounded.
You are no longer berserk.
You are exhausted.
You feel yourself slow down.
The orc priest hits you with a +0 dagger.
* * * LOW HITPOINT WARNING * * *
You barely miss the orc priest.
The orc priest is severely wounded.
The orc priest mumbles some strange prayers to Beogh against you.
Beogh smites you!
You die...

##...#..###.#.......#.....
#........(..#.......#.....
.......................
........###.#......#
.......## #.##.....# .
#......# #.##.#.#......#
#.....## #..#.#.# ......
.......# ##...#.# ....
.......# ..##@# ....#
.......# #.. #o##.....#
#.....## ##. #o§......#
##...## .. #.)#......
##### #..# ....# #... ...#
..[.. ... ..##.# #. .. .#


You could see an orc priest (unable to see you, weak-willed) and an orc (unable
to see you).

Vanquished Creatures
  An orc priest (D:3)
  2 orc wizards (D:3)
  A gnoll (D:1)
  3 adders
  A worm (D:2)
  2 dart slugs
  4 orcs (D:3)
  3 bats
  7 endoplasms
  4 giant cockroaches
  6 goblins
  6 hobgoblins
  3 jackals (D:1)
  5 kobolds
  5 ball pythons
  3 frilled lizards
  4 rats (D:1)
60 creatures vanquished.

Notes
Turn   | Place    | Note
-------+----------+-------------------------------------------
     0 | D:1      | tsouns the Djinni Gladiator began the quest for the Orb.
     0 | D:1      | Reached XP level 1. HP: 18/18 MP: 0/0
   148 | D:1      | Reached XP level 2. HP: 14/23 MP: 0/0
   505 | D:1      | Reached XP level 3. HP: 25/29 MP: 0/0
   505 | D:1      | Learned a level 1 spell: Kiss of Death
  1011 | D:2      | Reached XP level 4. HP: 29/30 MP: 0/0
  1288 | D:2      | Found Bawinure's Jewellery Shoppe.
  1646 | D:3      | Reached XP level 5. HP: 40/40 MP: 0/0
  1646 | D:3      | Learned a level 2 spell: Momentum Strike
  1893 | D:3      | HP: 1/41 [hobgoblin (4)]
  1899 | D:3      | Gained mutation: You have a pair of small antennae on your
                  | head. [potion of mutation]
  1899 | D:3      | Gained mutation: You sometimes lose your temper in combat.
                  | [potion of mutation]
  1899 | D:3      | Gained mutation: Your body sometimes deteriorates upon
                  | taking damage. [potion of mutation]
  1899 | D:3      | Gained mutation: You are strong-willed. (Will+) [potion of
                  | mutation]
  1907 | D:3      | Reached XP level 6. HP: 7/47 MP: 0/0
  1916 | D:3      | Killed from afar by an orc priest

Illustrated notes

Levels and vault maps discovered:
D:1:      nagdon_arrival_double_spiral, layout_loops_ring,
          chequers_serial_rivers_marsh, nicolae_concentric_dashed_squares_wild
D:2:      layout_rooms, serial_shops, nicolae_shop_advertising_works
          [nicolae_subvault_shop_adworks], minmay_hexomino_u4
D:3:      layout_rooms, mainiacjoe_overflow_paths,
          yredelemnul_forgotten_temple_becter,
          shapermc_ecumenical_altar_mp_vishouse, kennysheep_pointless_box,
          st_stairs_6, supply_closet_lemuel, minmay_unequal

Skill      XL: |  1  2  3  4  5 |
---------------+----------------+-----
Long Blades    | 3 4 |  4.4
Fighting       | 3 4 |  4.2
Throwing       | |  1.5
Dodging        | |  3.2

Action                   |  1- 3 |  4- 6 || total
-------------------------+-------+-------++-------
Melee: Long sword        |    68 |   117 ||   185
       Punch             |     1 |     3 ||     4
 Cast: Kiss of Death     |     2 |       ||     2
  Use: Potion            |       |    10 ||    10
       Scroll            |       |     3 ||     3
 Stab: Sleeping          |     1 |       ||     1
       Invisible         |       |     3 ||     3
Armor: Leather armour    |    23 |    29 ||    52
Dodge: Dodged            |    46 |    68 ||   114

Table legend: (Time is in decaauts)
 A = Elapsed time spent in this place.
 B = Non-inter-level travel time spent in this place.
 C = Inter-level travel time spent in this place.
 D = Time resting spent in this place.
 E = Time spent auto-exploring this place.
 F = Levels seen in this place.
 G = Mean time per level.
                   A        B        C        D        E       F      G
               +--------+--------+--------+--------+--------+-----+--------+
         Total |   1950 |   1919 |     31 |      0 |   1455 |   3 |  650.0 |
       Dungeon |   1950 |   1919 |     31 |      0 |   1455 |   3 |  650.0 |
               +--------+--------+--------+--------+--------+-----+--------+

Top non-repeatable levels by time:
     D:1: 979 daAuts
     D:2: 634 daAuts
     D:3: 337 daAuts
